Map: Abiogenesis LE

Players

Kozzy

  • Race: Protoss Protoss
  • League: Gold
  • Spawn Location: 11:00

TrojanCookie - Winner!

  • Race: Protoss Protoss
  • League: Gold
  • Spawn Location: 5:00

VOD

Have the link to the VOD?

Description

Time

  • Played on: April 12, 2018, 3:47 a.m.
  • Length: 8:00
Show
View Real Time Build Order
Export as new Build Order

Kozzy Protoss 

Build Orders:  

Get SALT Encoding   

  12  0:01  Probe  
  13  0:14  Probe  
  14  0:18  Pylon  
  14  0:26  Probe  
  15  0:38  Probe (Chrono Boost)  
  15  0:39  Gateway  
  16  0:48  Assimilator  
  16  0:49  Probe (Chrono Boost)  
  17  0:54  Probe (Chrono Boost)  
  18  1:04  Probe  
  19  1:23  Pylon  
  19  1:24  Probe  
  20  1:33  Assimilator  
  20  1:36  Probe  
  20  2:05  Zealot (Chrono Boost)  
  20  2:08  Forge  
  22  2:10  Gateway  
  22  2:12  Pylon  
  22  2:14  Cybernetics Core  
  22  2:25  Pylon  
  22  2:35  Protoss Ground Weapons Level 1 (Chrono Boost)  
  22  2:36  Pylon  
  22  2:45  Photon Cannon  
  22  2:54  Shield Battery  
  22  2:56  Warp Gate  
  22  3:05  Stalker  
  24  3:13  Pylon  
  24  3:22  Zealot  
  26  3:31  Twilight Council  
  26  3:33  Gateway  
  26  3:44  Pylon  
  26  3:51  Zealot  
  28  3:56  Pylon  
  28  4:05  Gateway  
  28  4:08  Charge (Chrono Boost)  
  28  4:38  Shield Battery  
  23  5:10  Zealot  
  23  5:11  Zealot x2  
  29  5:22  Photon Cannon  
  29  5:40  Zealot  
  31  5:48  Zealot  
  33  5:53  Zealot  
  33  6:12  Stalker  
  33  6:23  Stalker  
  33  6:25  Stalker  
  23  6:52  Stalker x2  
  27  6:59  Stalker  
  27  7:28  Zealot x2  
  27  7:29  Zealot  
Show
View Real Time Build Order
Export as new Build Order

TrojanCookie Protoss - Winner!

Build Orders: Oracle Opening 

Get SALT Encoding   

  12  0:00  Probe  
  13  0:14  Pylon  
  13  0:17  Probe  
  14  0:32  Gateway  
  14  0:35  Probe (Chrono Boost)  
  15  0:46  Probe (Chrono Boost)  
  16  0:51  Probe (Chrono Boost)  
  17  1:01  Assimilator  
  17  1:02  Probe  
  18  1:14  Probe  
  19  1:24  Cybernetics Core  
  19  1:26  Probe  
  20  1:36  Zealot  
  20  1:38  Probe  
  23  1:44  Pylon  
  23  2:05  Nexus  
  23  2:08  Warp Gate  
  23  2:16  Probe  
  24  2:26  Pylon  
  24  2:32  Shield Battery  
  24  2:46  Gateway  
  24  3:00  Stargate  
  24  3:02  Assimilator  
  24  3:03  Probe  
  25  3:15  Probe (Chrono Boost)  
  25  3:18  Probe (Chrono Boost)  
  27  3:21  Adept  
  27  3:26  Probe (Chrono Boost)  
  31  3:27  Probe (Chrono Boost)  
  31  3:30  Shield Battery  
  31  3:31  Probe (Chrono Boost)  
  31  3:32  Probe (Chrono Boost)  
  33  3:41  Probe  
  33  3:43  Probe, Oracle (Chrono Boost)  
  33  3:48  Assimilator  
  38  3:53  Probe  
  39  3:55  Probe  
  40  4:03  Probe  
  40  4:05  Probe  
  42  4:11  Probe  
  42  4:16  Assimilator  
  43  4:17  Probe  
  43  4:22  Probe  
  45  4:29  Probe  
  45  4:31  Adept x2  
  48  4:34  Probe  
  51  4:39  Pylon  
  51  4:42  Probe  
  52  4:46  Probe  
  53  4:54  Probe  
  53  4:57  Void Ray  
  53  4:58  Probe  
  59  5:06  Pylon  
  59  5:12  Gateway  
  59  5:13  Gateway  
  59  5:19  Pylon  
  59  5:25  Fleet Beacon  
  59  5:26  Nexus  
  59  5:28  Pylon  
  58  5:53  Adept x2  
  58  5:56  Void Ray  
  66  6:02  Stargate  
  66  6:03  Stargate  
  53  6:21  Zealot x2  
  53  6:22  Zealot  
  59  6:34  Pylon  
  59  6:45  Pylon  
  59  6:56  Void Ray (Chrono Boost)  
  63  7:02  Void Ray (Chrono Boost)  
  63  7:03  Void Ray (Chrono Boost)  
  67  7:16  Zealot x3  
  76  7:52  Zealot x2  
Tags
 
League
GoldGold
Matchup
PvP
Spawn Locations
Cross Positions
Add a new tag
Caveats
  • Supply blocks, unpowered buildings, or Contaminate may cause inaccurate times.
  • Supply counts are checked every 10 seconds.